 Dungeon Crawl Stone Soup version 0.31-a0-496-g6f97920a28 (webtiles) character file.

Game seed: 5806946349446898863

6 AstroCodex24 the Trooper (level 1, -1/17 HPs)
             Began as a Vampire Fighter on Aug 8, 2023.
             Slain by Sigmund
             ... wielding a +0 scythe
              (5 damage)
             ... on level 3 of the Dungeon.
             The game lasted 00:00:37 (104 turns).

AstroCodex24 the Trooper (Vampire Fighter)           Turns: 104, Time: 00:00:38

Health: -1/17      AC:  6    Str: 15    XL:     1   Next: 75%
Magic:  1/1        EV:  8    Int: 10    God:
Gold:   0          SH:  0    Dex: 13    Spells: 0/0 levels left

rFire   . . .        a - +0 war axe
rCold   . . .        c - +0 buckler
rNeg    . . .        b - +0 scale mail
rPois   .            (no helmet)
rElec   .            (no cloak)
rCorr   .            (no gloves)
SInv    +            (no boots)
Will    .....        (no amulet) Stlth
                     (no ring)
HPRegen 0.42/turn    (no ring)
MPRegen 0.07/turn

%: no passive effects
@: confused, healing quickly
A: alive, fangs 3, see invisible, vampiric 1
a: Exsanguinate


You were on level 3 of the Dungeon.
You visited 1 branch of the dungeon, and saw 3 of its levels.

Inventory:

Hand Weapons
 a - a +0 war axe (weapon)
Armour
 b - a +0 scale mail (worn)
 c - a +0 buckler (worn)
Scrolls
 e - a scroll of identify {unknown}
Potions
 d - a potion of might


   Skills:
 + Level 2.8 Fighting
 + Level 1.9 Axes
 + Level 2.5 Armour
 + Level 2.8 Shields


You couldn't memorise any spells.
You didn't know any spells.
Your spell library was empty.

Dungeon Overview and Level Annotations

Branches:
Dungeon (2/15)

Altars:

Annotations:
D:3 Sigmund


Innate Abilities, Weirdness & Mutations

Your natural rate of healing is accelerated.
You have razor-sharp teeth.
You have supernaturally acute eyesight. (SInv)
You are afflicted with vampirism.


Message History

You fall into a shaft and drop 1 floor!
The shaft crumbles and collapses.
A dart slug comes into view.
Found a ring mail.
The dart slug launches a dart at you. The slug dart misses you.
You slash the dart slug!
You kill the dart slug!
Sigmund and a frilled lizard come into view.
The frilled lizard hisses angrily.
Sigmund gestures wildly while chanting.
Sigmund flickers and vanishes for a moment.
Found a weird runed staff.
A quokka comes into view.
The frilled lizard barely misses you. Sigmund hits you but does no damage.
The frilled lizard bites you but does no damage.
You closely miss Sigmund. You closely miss the frilled lizard.
Sigmund casts a spell at you.
You are confused.
The frilled lizard bites you but does no damage.
The quokka bites you. Sigmund hits you with a +0 scythe.
You hit the quokka.
The quokka is almost dead.
You miss the frilled lizard. You closely miss Sigmund.
The frilled lizard closely misses you. The quokka bites you.
Sigmund hits you with a +0 scythe!
* * * LOW HITPOINT WARNING * * *
The frilled lizard bites you but does no damage.
The quokka bites you but does no damage.
You're too confused to move!
The quokka bites you but does no damage.
The frilled lizard bites you but does no damage.
You slash Sigmund!
Sigmund is heavily wounded.
You closely miss the quokka. You hit the frilled lizard.
You kill the frilled lizard!
Sigmund hits you but does no damage.
The quokka bites you but does no damage. x2
You bump into the rock wall.
Sigmund hits you with a +0 scythe.
You die...

.........##
#.....|...#
.........#
........##
#........#
#.....##..## #[.r@.#
#..#########
#...@.####..........
####................
#................
#................
#................
#.........####..#
########### .# .


You could see Sigmund (invisible) and a quokka.

Vanquished Creatures
  A dart slug (D:3)
  A ball python (D:1)
  A giant cockroach (D:1)
  A frilled lizard (D:3)
4 creatures vanquished.

Notes
Turn   | Place    | Note
-------+----------+-------------------------------------------
     0 | D:1      | AstroCodex24 the Vampire Fighter began the quest for the
                  | Orb.
     0 | D:1      | Reached XP level 1. HP: 17/17 MP: 1/1
    78 | D:2      | You fall into a shaft and drop 1 floor!
    93 | D:3      | Noticed Sigmund
   104 | D:3      | Slain by Sigmund

Illustrated notes

Levels and vault maps discovered:
D:1:      dpeg_arrival_ratfight, layout_loops_ring, serial_shops, shop, shop
D:2:      layout_rooms, nicolae_ecumenical_snake_handling, basic_altar,
          kennysheep_generic_room_3
D:3:      layout_basic, dk_noncrumbling_4, uniq_sigmund

Action                     || total
---------------------------++-------
  Melee: War axe           ||     9
 Armour: Scale mail        ||    25
  Dodge: Dodged            ||     7
  Block: Buckler           ||     6

Table legend: (Time is in decaauts)
 A = Elapsed time spent in this place.
 B = Non-inter-level travel time spent in this place.
 C = Inter-level travel time spent in this place.
 D = Time resting spent in this place.
 E = Time spent auto-exploring this place.
 F = Levels seen in this place.
 G = Mean time per level.
                   A        B        C        D        E       F      G
               +--------+--------+--------+--------+--------+-----+--------+
         Total |    107 |     95 |     12 |      0 |      0 |   3 |   35.7 |
       Dungeon |    107 |     95 |     12 |      0 |      0 |   3 |   35.7 |
               +--------+--------+--------+--------+--------+-----+--------+

Top non-repeatable levels by time:
     D:1: 74 daAuts
     D:3: 27 daAuts
     D:2: 5 daAuts
